 Dungeon Crawl Stone Soup version 0.18-a0-1800-gdc7a371 (webtiles) character file.

4 esc the Skirmisher (level 1, 16/20 HPs)
             Began as a Minotaur Berserker on Apr 23, 2016.
             Was a Follower of Trog.
             Quit the game on level 1 of the Dungeon on Apr 24, 2016.
             The game lasted 07:13:27 (106 turns).

esc the Skirmisher (Minotaur Berserker)              Turns: 106, Time: 07:13:27

Health: 16/20      AC:  2    Str: 21    XL:     1   Next: 58%
Magic:  0/0        EV: 12    Int:  4    God:    Trog [*.....]
Gold:   23         SH:  0    Dex:  9    Spells: 0 memorised, 0 levels left

rFire  . . .     SeeInvis .     a - +0 spear
rCold  . . .     Gourm    .     b - +0 animal skin
rNeg   . . .     Faith    .     (no shield)
rPois  .         Spirit   .     (helmet restricted)
rElec  .         Dismiss  .     (no cloak)
rCorr  .         Reflect  .     (no gloves)
SustAt .         Harm     .     (no boots)
MR     .....                    (no amulet)
Stlth  +.........               (no ring)
                                (no ring)

@: not resistant to hostile enchantments, very unstealthy
A: retaliatory headbutt, horns 2
a: Berserk, Burn Spellbooks, Renounce Religion


You were on level 1 of the Dungeon.
You worshipped Trog.
Trog was aware of your devotion.
You were not hungry.

You visited 1 branch of the dungeon, and saw 1 of its levels.

You collected 23 gold pieces.

Inventory:

Hand Weapons
 a - a +0 spear (weapon)
Armour
 b - a +0 animal skin (worn)
 e - a +0 leather armour
   (You found it on level 1 of the Dungeon)
Comestibles
 c - a bread ration {@e1}
 d - a chunk of flesh {@w0}


   Skills:
 + Level 3.9 Fighting
 + Level 3.7 Polearms
 + Level 2.6 Armour
 + Level 2.1 Dodging


You couldn't memorise any spells.
You didn't know any spells.

Dungeon Overview and Level Annotations

Branches:
Dungeon (1/15)

Altars:


Innate Abilities, Weirdness & Mutations

You reflexively headbutt those who attack you in melee.
You have a pair of horns on your head.


Message History

Welcome, esc the Minotaur Berserker.
It is said that the Orb of Zot exists deep within this dungeon, but nobody has ever found it.
Trog says: Kill them all!
Found a staircase leading out of the dungeon.
You open the door.
There is an open door here.
A bat comes into view.
You see here 5 gold pieces.
The bat closely misses you.
Attack whom?
Aim: a bat You reach to attack!
You puncture the bat!
You kill the bat!
Trog accepts your kill.
Health restored: 20 You now have 5 gold pieces.
You now have 11 gold pieces (gained 6).
A giant newt comes into view.
A giant newt is nearby!
Attack whom?
Aim: a giant newt You reach to attack!
You hit the giant newt.
You kill the giant newt!
Trog accepts your kill.
No target in view!
No target in view!
You see here a giant newt corpse.
You butcher the giant newt corpse.
d - a chunk of flesh {@w0} A goblin comes into view.
The goblin shouts!
The goblin hits you.
You take 3 damage, and have 17/20 hp.
You barely miss the goblin. Your headbutt misses the goblin.
You barely miss the goblin. The goblin hits you.
You take 1 damage, and have 16/20 hp.
You hit the goblin but do no damage. The goblin hits you.
You take 3 damage, and have 13/20 hp.
You hit the goblin.
You kill the goblin!
Trog accepts your kill.
No target in view!
A kobold comes into view.
The kobold shouts!
Attack whom?
Aim: a kobold You reach to attack!
You miss the kobold. You barely miss the kobold.
Your headbutt misses the kobold. The kobold closely misses you.
You hit the kobold.
You kill the kobold!
Trog accepts your kill.
No target in view!
You now have 23 gold pieces (gained 12).
You see here a leather armour.
A goblin comes into view.
You see here a leather armour.
e - a leather armour Drop what? 5/52 slots (_ for help) (? for menu, Esc to quit)
You drop a leather armour.
Saving game... please wait.
Welcome back, esc the Minotaur Berserker.
Trog says: Kill them all!
The goblin shouts!
You see here a leather armour.
e - a leather armour You closely miss the goblin.
You headbutt the goblin. The goblin barely misses you. You furiously retaliate!
You headbutt the goblin.
You kill the goblin!
Trog accepts your kill.
No target in view!
Saving game... please wait.
Welcome back, esc the Minotaur Berserker.
Trog says: Kill them all!
Saving game... please wait.
Welcome back, esc the Minotaur Berserker.
Trog says: Kill them all!
Okay, then.
You don't know any spells.
You don't know any spells.
Saving game... please wait.
Welcome back, esc the Minotaur Berserker.
Trog says: Kill them all!
Drop what? 5/52 slots (_ for help) (? for menu, Esc to quit)
Okay, then.
Drop what? 5/52 slots (_ for help) (? for menu, Esc to quit)
Okay, then.
Wield which item (- for none, * to show all)? (? for menu, Esc to quit)
Okay, then.
Wear which item? (? for menu, Esc to quit)
Okay, then.
Drop what? 5/52 slots (_ for help) (? for menu, Esc to quit)
Okay, then.
Saving game... please wait.
Welcome back, esc the Minotaur Berserker.
Trog says: Kill them all!

######### #########
........##########........
##.####..@.........#######
####################
#..... ###### ######
#..... ###### #


There were no monsters in sight!

Vanquished Creatures
  2 goblins (D:1)
  A kobold (D:1)
  A bat (D:1)
  A giant newt (D:1)
5 creatures vanquished.

Notes
Turn   | Place    | Note
--------------------------------------------------------------
     0 | D:1      | esc the Minotaur Berserker began the quest for the Orb.
     0 | D:1      | Reached XP level 1. HP: 19/19 MP: 0/0
   106 | D:1      | Upgraded the game from 0.18-a0-1799-g6250cb2 to 0.18-a0-1800-gdc7a371
   106 | D:1      | Quit the game

Vault maps used:
D:1:      lightli_arrival_maybe_door_vault, eino_curves_04

Action                   || total
-------------------------++-------
Melee: Spear             ||    10
       Headbutt          ||     1
Dodge: Dodged            ||     3

Vault maps used:
D:1:      lightli_arrival_maybe_door_vault, eino_curves_04

Table legend:
 A = Turns spent in this place as a percentage of turns spent in the entire game.
 B = Non-inter-level travel turns spent in this place as a percentage of non-inter-level travel turns spent in the entire game.
 C = Inter-level travel turns spent in this place as a percentage of turns spent in this place.
 D = Turns resting spent in this place as a percentage of non-inter-level travel turns spent in this place.
 E = Turns spent auto-exploring this place as a percentage of non-inter-level travel turns spent in this place.
 F = Non-inter-level travel turns spent in this place divided by the number of levels of this place that you've seen.
                   A       B       C       D       E      F
               +-------+-------+-------+-------+-------+----------------------
         Total | 100.0 | 100.0 |   0.0 |   0.0 |   2.1 |  97.0
       Dungeon | 100.0 | 100.0 |   0.0 |   0.0 |   2.1 |  97.0
               +-------+-------+-------+-------+-------+----------------------

Table legend:
 A = Kills in this place as a percentage of kills in entire the game.
 B = Kills by you in this place as a percentage of kills by you in the entire game.
 C = Kills by friends in this place as a percentage of kills by friends in the entire game.
 D = Other kills in this place as a percentage of other kills in the entire game.
 E = Experience gained in this place as a percentage of experience gained in the entire game.
 F = Experience gained in this place divided by the number of levels of this place that you have seen.
                   A       B       C       D       E      F
               +-------+-------+-------+-------+-------+----------------------
         Total | 100.0 | 100.0 |  -nan |  -nan | 100.0 |   7.0
       Dungeon | 100.0 | 100.0 |  -nan |  -nan | 100.0 |   7.0
               +-------+-------+-------+-------+-------+----------------------
